[Event "British Championship 2024"]
[Site "Hull"]
[Date "2024.07.31"]
[Round "1.10"]
[White "Gasanov, Eldar"]
[Black "Hryshchenko, Kamila"]
[Result "1-0"]
[Annotator "RC"]
[ECO "E70"]
[WhiteElo "2469"]
[BlackElo "2161"]
[PlyCount "135"]
[EventDate "2024.07.31"]
[EventCountry "GBR"]
[SourceTitle "playchess.com"]
[Source "ChessBase"]
[SourceQuality "1"]
[TimeControl "40/5400+30:1800+30"]

1. d4 g6 2. c4 Bg7 3. e4 d6 4. Nc3 Nf6 5. Bg5 O-O 6. Qd2 c5 7. d5 e6 8. Bd3 a6 9. Nge2 Nbd7 10. f4 Qa5 11. dxe6 fxe6 12. O-O Rf7 13. Rad1 Rb8 14. Bc2 Ne8 15. a4 b5 16. cxb5 axb5 17. Nxb5 Qxd2 18. Rxd2 Ba6 19. Bb3 c4 20. Bxc4 Nc5 21. Ng3 h6 22. Bh4 Nxa4 23. Nxd6 Nxd6 24. Bxa6 Rb6 25. e5 Rxa6 26. exd6 Nc5 27. Be7 Bf8 28. Rc2 Nb7 29. Bxf8 Kxf8 30. Ne4 Ra4 31. Re1 Rd4 32. Rc8+ Kg7 33. Rc7 Nxd6 34. Nc5 Rdxf4 35. Nxe6+ Kh7 36. Rc6 Re4 37. Rxe4 Nxe4 38. b4 Rf5 39. Rc8 Rd5 40. Rc7+ Kh8 41. Rc8+ Kh7 42. Rd8 Rf5 43. Rd7+ Kh8 44. Nd4 Rf6 45. b5 Kg8 46. g3 Nc3 47. Rc7 Nd5 48. Rc5 Ne3 49. Rc1 Kf7 50. Nc6 Nd5 51. Ne5+ Ke7 52. Re1 Rb6 53. Nc4+ Re6 54. Kf2 Rxe1 55. Kxe1 Nc7 56. b6 Na6 57. Ke2 Ke6 58. Kf3 Nb8 59. Ke4 Nd7 60. Kd4 h5 61. b7 g5 62. Nb6 Nb8 63. Ke4 Kf6 64. Kd5 Kf5 65. Kd6 Kg4 66. Nd7 Na6 67. Nc5 Nb8 68. Kc7 1-0

[Event "British Championship 2024"]
[Site "Hull"]
[Date "2024.07.31"]
[Round "1.11"]
[White "Larchikov, Maksym"]
[Black "Wadsworth, Matthew J"]
[Result "0-1"]
[Annotator "TA"]
[ECO "D19"]
[WhiteElo "2181"]
[BlackElo "2467"]
[PlyCount "58"]
[EventDate "2024.07.31"]
[EventCountry "GBR"]
[SourceTitle "playchess.com"]
[Source "ChessBase"]
[SourceQuality "1"]
[TimeControl "40/5400+30:1800+30"]

1. d4 d5 2. c4 c6 3. Nf3 Nf6 4. Nc3 dxc4 5. a4 Bf5 6. e3 e6 7. Bxc4 Bb4 8. O-O O-O 9. Qe2 Ne4 10. Nxe4 Bxe4 11. Bd3 Bxd3 12. Qxd3 Nd7 13. Bd2 {[%emt 0:04:48] The position is equal.} a5 14. Bxb4 axb4 15. Rfd1 Qa5 16. b3 Rfd8 17. Rac1 h6 18. h3 Rac8 19. Qb1 ({Better is} 19. Rc4 $14) 19... Nf6 $11 20. Rc5 Qa7 21. e4 {[%emt 0:01:55] [#]} (21. Qc2 $11 {remains equal.}) 21... Rxd4 $3 $17 22. Rxd4 Qxc5 23. Qe1 Qc2 {[%emt 0:01:25] Strongly threatening ...c5.} 24. Rxb4 {[%emt 0:05:40] [#]} (24. Rc4 $17 Qxb3 25. Rxb4) 24... Rd8 (24... c5 $1 $19 25. Rc4 Qxb3) 25. Qe3 $2 {[%emt 0:03:04][%mdl 8192] Loses the game.} (25. Rxb7 $2 {perishes.} Rd1 26. e5 Rxe1+ $19) (25. Rd4 $17 Rxd4 26. Nxd4) 25... Rd3 $19 {[%emt 0:04:55] Black is clearly winning.} 26. Qa7 (26. Qf4 $142 Qb1+ (26... Rxb3 27. Rxb3 Qxb3 28. a5 $17) 27. Kh2) 26... Qc1+ 27. Kh2 Qf4+ 28. Kh1 Rd1+ 29. Ng1 Nxe4 {[%emt 0:00:53] Weighted Error Value: White=0.92/Black=0.14 (very precise) .  Loses game:     	White=1     	---        Mistake:       	White=4     	Black=1      Inaccurate:     	---       	Black=2      OK:         	White=3     	Black=3      Best:        	White=1     	Black=2      Brilliant:      	---       	Black=1} 0-1

[Event "British Championship 2024"]
[Site "Hull"]
[Date "2024.07.31"]
[Round "1.12"]
[White "Williams, Simon K"]
[Black "Badacsonyi, Stanley"]
[Result "1-0"]
[Annotator "TA"]
[ECO "A36"]
[WhiteElo "2450"]
[BlackElo "2132"]
[PlyCount "85"]
[EventDate "2024.07.31"]
[EventCountry "GBR"]
[SourceTitle "playchess.com"]
[Source "ChessBase"]
[SourceQuality "1"]
[TimeControl "40/5400+30:1800+30"]

1. c4 Nf6 2. Nc3 g6 3. g3 Bg7 4. Bg2 O-O 5. e4 d6 6. Nge2 c5 7. O-O Nc6 8. d3 Rb8 9. h3 a6 10. a4 Ne8 11. Be3 b5 12. axb5 axb5 13. cxb5 Nd4 {[%emt 0:00:08] The position is equal.} 14. Rb1 Nc7 15. b4 Ncxb5 16. Nxb5 (16. bxc5 {is interesting.} Nxc3 17. Nxc3 Rxb1 18. Qxb1 dxc5 19. Qa2) 16... Rxb5 17. Nxd4 Bxd4 18. Bxd4 cxd4 19. Qd2 Bd7 20. f4 Qb6 21. f5 Rb8 (21... gxf5 22. Qg5+ Kh8 23. Qxe7 $14) 22. Qh6 {[%emt 0:23:16] [#] aiming for fxg6.} d5 (22... gxf5 23. Qg5+ Kf8 24. Qh5 $14 (24. exf5 f6 $16)) 23. exd5 (23. Rf4 {simplifies} gxf5 24. Qg5+ Kh8 25. Qxe7 Qe6 26. Qxe6 fxe6 27. exf5 Rxb4 28. Rxb4 Rxb4 29. fxe6 Bxe6 30. Kf2) 23... Bxf5 24. Rbe1 Rxb4 25. g4 $1 Bxd3 26. Rxf7 Kxf7 27. Qxh7+ Kf8 28. Qh8+ Kf7 29. Qh7+ $40 {[%emt 0:00:13][%mdl 128] White mounts an attack.} Kf8 30. Re6 {[%emt 0:08:20] Inhibits Qd6.} Qc7 (30... Qc5 $11 31. Rc6 Qb5 (31... Rb1+ 32. Kh2 $11) 32. Qh8+ Kf7 33. Qh7+ Kf8 (33... Ke8 34. Rc7 Rb1+ 35. Kh2) 34. Qh8+ Kf7 35. Qh7+ Kf8 (35... Ke8 36. Rc7 Rb1+ 37. Kh2)) 31. Qh8+ Kf7 {[%emt 0:00:32] [#]} 32. Rf6+ $3 exf6 33. Qh7+ Kf8 {[%emt 0:02:04] ( -> ...Rb1+)} 34. Qxc7 {[%emt 0:00:04] And now d6 would win.} R4b7 (34... Rb1+ {was called for.} 35. Kh2 R1b2) 35. Qc5+ $18 Kg7 36. Qxd4 {[%emt 0:00:05][%cal Od5d6] Hoping for d6!} Bb5 $2 (36... Bc2 37. d6 Rf7) 37. d6 {[%emt 0:00:38][%cal Og4g5] g5! is the strong threat.} Rd7 38. g5 Rf8 39. h4 Rff7 40. Bh3 Rd8 41. Be6 Rff8 42. Qb6 Bd7 43. Qc7 {[%emt 0:00:00] Weighted Error Value: White=0.43/Black=0.80.  Loses game:     	---       	Black=1      Missed win:     	---       	Black=1      Mistake:       	---       	Black=2      Inaccurate:     	White=2     	Black=2      OK:         	White=13    	Black=6      Best:        	White=4     	Black=4      Strong:       	White=1     	---        Brilliant:      	White=1     	---} 1-0

[Event "British Championship 2024"]
[Site "Hull"]
[Date "2024.07.31"]
[Round "1.13"]
[White "Kanyamarala, Trisha"]
[Black "Merry, Alan B"]
[Result "1/2-1/2"]
[Annotator "RC"]
[ECO "D24"]
[WhiteElo "2219"]
[BlackElo "2429"]
[PlyCount "126"]
[EventDate "2024.07.31"]
[EventCountry "GBR"]
[SourceTitle "playchess.com"]
[Source "ChessBase"]
[SourceQuality "1"]
[TimeControl "40/5400+30:1800+30"]

1. d4 Nf6 2. c4 e6 3. Nf3 d5 4. Nc3 dxc4 5. e4 b5 6. e5 Nd5 7. Nxb5 Nb6 8. Be2 Nc6 9. Be3 Be7 10. a3 Na5 11. Qc2 Bb7 12. Rd1 O-O 13. Nc3 Qd7 14. h4 f5 15. exf6 gxf6 16. Bh6 Rfe8 17. Rh3 Kh8 18. h5 Bf8 19. Bf4 Bd6 20. Bh6 Rg8 21. Kf1 Bf8 22. Bf4 Rg4 23. g3 Rg7 24. Rh2 Nb3 25. h6 Rg6 26. Nh4 Rg8 27. Nf3 Bxf3 28. Bxf3 Nxd4 29. Bxa8 Nxc2 30. Rxd7 Nxd7 31. Bxc7 Bxa3 32. Be4 Bxb2 33. Nd1 Nd4 34. Nxb2 c3 35. Nd3 e5 36. Ba5 c2 37. Bd2 Nb3 38. Bc1 Rc8 39. Bf5 Rc3 40. Bb2 Ndc5 41. Nc1 Rc4 42. f3 Nxc1 43. Bxc1 Nb3 44. Ke1 Nxc1 45. Bxc2 a5 46. Kd1 Na2 47. Bb3 Rd4+ 48. Kc2 Nb4+ 49. Kb2 f5 50. Rh5 Rd6 51. Rxf5 Rxh6 52. Ka3 Nc6 53. Bd5 Rd6 54. Bxc6 Rxc6 55. Ka4 Rc5 56. f4 Kg7 57. fxe5 h6 58. Kb3 Kg6 59. g4 Rc6 60. Rf4 Rc5 61. Rf5 Rc6 62. Rf4 Rc5 63. Rf5 Rc6 1/2-1/2

[Event "British Championship 2024"]
[Site "Hull"]
[Date "2024.07.31"]
[Round "1.14"]
[White "Willow, Jonah B"]
[Black "Banerjee, Supratit"]
[Result "1-0"]
[Annotator "RC"]
[ECO "B12"]
[WhiteElo "2422"]
[BlackElo "2115"]
[PlyCount "109"]
[EventDate "2024.07.31"]
[EventCountry "GBR"]
[SourceTitle "playchess.com"]
[Source "ChessBase"]
[SourceQuality "1"]
[TimeControl "40/5400+30:1800+30"]

1. e4 c6 2. d4 d5 3. e5 Bf5 4. Nf3 e6 5. Be2 Nd7 6. O-O a5 7. Nc3 h6 8. Bd2 Ne7 9. h3 Bg6 10. Re1 Nf5 11. Bd3 Be7 12. Ne2 c5 13. Nf4 c4 14. Bf1 Bh7 15. b3 g5 16. Nh5 cxb3 17. axb3 Bg6 18. Ng3 Nxg3 19. fxg3 h5 20. Nh2 Qb6 21. c3 Rc8 22. g4 Kf8 23. Kh1 Kg7 24. Be2 hxg4 25. Bxg4 Rh7 26. Rf1 Qd8 27. Qe2 Qb6 28. Nf3 Qxb3 29. Bxg5 Re8 30. Bxe7 Rxe7 31. Qe3 Re8 32. Ng5 Rhh8 33. Bd1 Qb2 34. Be2 Rc8 35. Rac1 a4 36. Nxf7 Bxf7 37. Qg5+ Bg6 38. Bd3 Rh6 39. Qe7+ Kh8 40. Qg5 Kg7 41. Rb1 Qxc3 42. Rxb7 Qc6 43. Qe7+ Kg8 44. Rxd7 Rh7 45. Rd8+ Rxd8 46. Qxd8+ Qe8 47. Qxe8+ Bxe8 48. Bxh7+ Kxh7 49. Rf8 Bb5 50. Kh2 Bc4 51. Ra8 Bb3 52. Kg3 Kg6 53. Kf4 Bc2 54. g4 Bb3 55. h4 1-0

[Event "British Championship 2024"]
[Site "Hull"]
[Date "2024.07.31"]
[Round "1.15"]
[White "Mitchell, Martin"]
[Black "Pert, Richard G"]
[Result "1/2-1/2"]
[Annotator "RC"]
[ECO "D02"]
[WhiteElo "2159"]
[BlackElo "2415"]
[PlyCount "36"]
[EventDate "2024.07.31"]
[EventCountry "GBR"]
[SourceTitle "playchess.com"]
[Source "ChessBase"]
[SourceQuality "1"]
[TimeControl "40/5400+30:1800+30"]

1. d4 Nf6 2. Nf3 d5 3. Bf4 e6 4. e3 Bd6 5. Nbd2 O-O 6. Bd3 b6 7. Ne5 Ba6 8. Bxa6 Nxa6 9. Qe2 Nb8 10. O-O c5 11. c3 Qc7 12. e4 Nc6 13. Bg3 Nxe4 14. Nxe4 dxe4 15. Qxe4 Nxe5 16. Bxe5 cxd4 17. Bxd6 Qxd6 18. Rad1 e5 1/2-1/2

[Event "British Championship 2024"]
[Site "Hull"]
[Date "2024.07.31"]
[Round "1.16"]
[White "Motwani, Paul"]
[Black "Bradbury, Neil H"]
[Result "1-0"]
[Annotator "RC"]
[ECO "B10"]
[WhiteElo "2414"]
[BlackElo "2153"]
[PlyCount "92"]
[EventDate "2024.07.31"]
[EventCountry "GBR"]
[SourceTitle "playchess.com"]
[Source "ChessBase"]
[SourceQuality "1"]
[TimeControl "40/5400+30:1800+30"]

1. e4 c6 2. c4 d5 3. exd5 cxd5 4. cxd5 Nf6 5. Nf3 g6 6. Nc3 Bg7 7. Bc4 O-O 8. O-O Na6 9. d4 Nc7 10. Bg5 a6 11. Re1 b5 12. Bb3 Bb7 13. a4 b4 14. Ne2 Ncxd5 15. Ng3 h6 16. Bd2 a5 17. h4 e6 18. h5 g5 19. Nxg5 hxg5 20. Bxg5 Qd6 21. h6 Bh8 22. Nh5 Nh7 23. Bf4 Nxf4 24. Qg4+ Ng5 25. Qxg5+ Kh7 26. Nxf4 Bxd4 27. Rxe6 Qc5 28. Qxc5 Bxc5 29. Rf6 Bd4 30. Rxf7+ Rxf7 31. Bxf7 Rf8 32. Ne6 Bxf2+ 33. Kxf2 Rxf7+ 34. Kg3 Rf6 35. Nf4 Rd6 36. Re1 Bc6 37. b3 Kxh6 38. Re5 Kg7 39. Rxa5 Rd2 40. Rc5 Be8 41. Rc4 Bf7 42. Rxb4 Rb2 43. a5 Ra2 44. Ra4 Rb2 45. a6 Rxb3+ 46. Kf2 Rb8 1-0

[Event "British Championship 2024"]
[Site "Hull"]
[Date "2024.07.31"]
[Round "1.17"]
[White "Stubbs, Oliver"]
[Black "Han, Yichen"]
[Result "0-1"]
[Annotator "RC"]
[ECO "A43"]
[WhiteElo "2146"]
[BlackElo "2414"]
[PlyCount "104"]
[EventDate "2024.07.31"]
[EventCountry "GBR"]
[SourceTitle "playchess.com"]
[Source "ChessBase"]
[SourceQuality "1"]
[TimeControl "40/5400+30:1800+30"]

1. d4 Nf6 2. Nf3 c5 3. d5 b5 4. Bg5 g6 5. Bxf6 exf6 6. e4 b4 7. Nbd2 Bg7 8. Bd3 O-O 9. O-O d6 10. Nc4 Qc7 11. Re1 Nd7 12. Qc1 Nb6 13. Qf4 Nxc4 14. Bxc4 Re8 15. Bb5 Bd7 16. Bxd7 Qxd7 17. Nd2 f5 18. Nc4 Rxe4 19. Qxd6 Qb5 20. Rxe4 fxe4 21. Qc6 Qxc6 22. dxc6 Rc8 23. Rd1 Rxc6 24. Rd8+ Bf8 25. Kf1 Rc7 26. Ke2 f5 27. Ne5 Kg7 28. b3 Be7 29. Ra8 Bd6 30. f4 Bxe5 31. fxe5 Kf7 32. Ke3 Ke6 33. Re8+ Re7 34. Rc8 Kd5 35. h4 Rxe5 36. Rc7 f4+ 37. Kxf4 Kd4 38. Rd7+ Rd5 39. Rxh7 e3 40. g4 Rd8 41. Rf7 c4 42. bxc4 Re8 43. Rd7+ Kxc4 44. Rd1 e2 45. Re1 Kc3 46. Kg5 Re6 47. Rxe2 Rxe2 48. Kxg6 Rxc2 49. h5 Rxa2 50. h6 Rh2 51. g5 b3 52. Kg7 b2 0-1

[Event "British Championship 2024"]
[Site "Hull"]
[Date "2024.07.31"]
[Round "1.19"]
[White "Kalaiyalahan, Akshaya"]
[Black "Hebden, Mark L"]
[Result "0-1"]
[Annotator "TA"]
[ECO "E66"]
[WhiteElo "2140"]
[BlackElo "2398"]
[PlyCount "72"]
[EventDate "2024.07.31"]
[EventCountry "GBR"]
[SourceTitle "playchess.com"]
[Source "ChessBase"]
[SourceQuality "1"]
[TimeControl "40/5400+30:1800+30"]

1. d4 Nf6 2. c4 g6 3. g3 Bg7 4. Bg2 O-O 5. Nc3 d6 6. Nf3 c5 7. O-O Nc6 8. d5 Na5 9. Nd2 e6 10. Rb1 exd5 11. cxd5 Bd7 12. Nde4 Ne8 13. Bg5 f6 $1 {[%emt 0:00:07] The position is equal.} 14. Bf4 Qe7 15. Nd2 ({Of course not} 15. b4 cxb4 16. Na4 (16. Rxb4 f5 $17) 16... b5 $15) (15. a4 $11 {remains equal.}) 15... g5 $1 $17 16. Be3 f5 {[%emt 0:02:21] ...f4 is the strong threat.} 17. Nb3 Nc4 18. Bc1 f4 $36 {[%emt 0:00:46][%mdl 2048] White is under strong pressure.} 19. Nd2 Ne5 {[%emt 0:03:30] Black is much more active.} 20. b4 c4 {[%emt 0:03:46] White is now going downhill.} 21. Bb2 g4 22. Nce4 Rc8 23. Bc3 b5 24. gxf4 Rxf4 25. Qc1 ({White should try} 25. Rc1) 25... Rf7 26. f4 (26. Ng3 $17) 26... Ng6 $1 $19 27. e3 Nh4 28. Bxg7 (28. Re1 {keeps fighting.}) 28... Nxg7 ({Weaker is} 28... Kxg7 29. Qc3+ Kg8 30. Bh1 $17) 29. Qc3 {[%emt 0:00:20] [#]} Nxg2 30. Kxg2 {[%emt 0:00:04] [#]} Bf5 $1 31. Ng5 Bxb1 32. Rxb1 Rf5 {[%emt 0:00:30] Black is clearly winning.} 33. Rf1 (33. Nge4 $142) 33... Rxd5 {[%emt 0:01:57] aiming for ...Rd3.} 34. Nde4 Rf8 35. Qc2 Nf5 36. Qe2 h6 {[%emt 0:01:51] Weighted Error Value: White=0.71/Black=0.02 (flawless) .  Mistake:       	White=5     	---        Inaccurate:     	---       	Black=1      OK:         	White=7     	Black=11     Best:        	---       	Black=2      Strong:       	---       	Black=3} 0-1

[Event "British Championship 2024"]
[Site "Hull"]
[Date "2024.07.31"]
[Round "1.21"]
[White "Murawski, Jan"]
[Black "Wells, Peter K"]
[Result "0-1"]
[Annotator "RC"]
[ECO "E21"]
[WhiteElo "2134"]
[BlackElo "2354"]
[PlyCount "114"]
[EventDate "2024.07.31"]
[EventCountry "GBR"]
[SourceTitle "playchess.com"]
[Source "ChessBase"]
[SourceQuality "1"]
[TimeControl "40/5400+30:1800+30"]

1. d4 Nf6 2. c4 e6 3. Nc3 Bb4 4. Nf3 b6 5. g3 Bxc3+ 6. bxc3 Bb7 7. Bg2 O-O 8. O-O d6 9. a4 h6 10. Ne1 Bxg2 11. Nxg2 Nc6 12. Qd3 d5 13. f3 Na5 14. Ne3 Re8 15. cxd5 exd5 16. c4 c5 17. Bb2 Qe7 18. Nxd5 Nxd5 19. cxd5 Qxe2 20. Qc3 Re3 21. Rae1 Rxc3 22. Rxe2 Rd3 23. d6 Rd8 24. dxc5 bxc5 25. Re7 Nc6 26. Rc7 R8xd6 27. f4 c4 28. Be5 Re6 29. Rc1 Nxe5 30. fxe5 Rxe5 31. Rc8+ Kh7 32. R8xc4 Re2 33. R4c2 Rxc2 34. Rxc2 Ra3 35. Rc7 Rxa4 36. Rxf7 Ra2 37. g4 a5 38. Ra7 Kg6 39. h3 Kf6 40. Kf1 g6 41. h4 a4 42. Ra6+ Kf7 43. Ra7+ Ke8 44. Ra6 a3 45. Kg1 Kd8 46. Ra8+ Kc7 47. Ra7+ Kb6 48. Ra8 Kb5 49. Ra7 Kb4 50. Ra6 Rb2 51. Rxg6 a2 52. Ra6 Rb1+ 53. Kg2 a1=Q 54. Rxa1 Rxa1 55. g5 hxg5 56. h5 Ra3 57. h6 Ra6 0-1

[Event "British Championship 2024"]
[Site "Hull"]
[Date "2024.07.31"]
[Round "1.22"]
[White "Czopor, Maciej"]
[Black "Lentzos, Ioanis"]
[Result "1/2-1/2"]
[Annotator "RC"]
[ECO "B41"]
[WhiteElo "2361"]
[BlackElo "2119"]
[PlyCount "62"]
[EventDate "2024.07.31"]
[EventCountry "GBR"]
[SourceTitle "playchess.com"]
[Source "ChessBase"]
[SourceQuality "1"]
[TimeControl "40/5400+30:1800+30"]

1. e4 c5 2. Nf3 e6 3. d4 cxd4 4. Nxd4 a6 5. c4 Nf6 6. Nc3 Qc7 7. Be2 Bb4 8. Nc2 Bd6 9. Be3 O-O 10. h3 b6 11. O-O Bb7 12. Qd3 Be7 13. g4 d6 14. f4 Nbd7 15. g5 Ne8 16. b4 Rc8 17. Bd2 g6 18. Ne3 f5 19. exf5 gxf5 20. h4 d5 21. cxd5 Bxb4 22. dxe6 Ne5 23. fxe5 Qxe5 24. Rxf5 Qg3+ 25. Kf1 Nd6 26. Rf6 Bxc3 27. Bxc3 Ne4 28. Ng4 Nd2+ 29. Bxd2 Bg2+ 30. Kg1 Bf3+ 31. Kf1 Bg2+ 1/2-1/2

[Event "British Championship 2024"]
[Site "Hull"]
[Date "2024.07.31"]
[Round "1.23"]
[White "Verma, Aditya"]
[Black "Derakhshani, Borna"]
[Result "0-1"]
[Annotator "RC"]
[ECO "B51"]
[WhiteElo "2118"]
[BlackElo "2355"]
[PlyCount "112"]
[EventDate "2024.07.31"]
[EventCountry "GBR"]
[SourceTitle "playchess.com"]
[Source "ChessBase"]
[SourceQuality "1"]
[TimeControl "40/5400+30:1800+30"]

1. e4 c5 2. Nf3 d6 3. Bb5+ Nd7 4. O-O a6 5. Bd3 g6 6. a4 Bg7 7. c3 Ne5 8. Be2 Nxf3+ 9. Bxf3 e5 10. Na3 Be6 11. Re1 Ne7 12. d3 O-O 13. Be3 Nc6 14. Nc2 Rc8 15. Ra3 Qb6 16. b4 f5 17. a5 Qd8 18. exf5 cxb4 19. Nxb4 gxf5 20. Bb6 Qd7 21. Bxc6 bxc6 22. d4 e4 23. Qe2 Qf7 24. f3 Bc4 25. Qf2 Qg6 26. f4 Rfe8 27. Re3 c5 28. Nc2 Qh5 29. Ra1 Bb3 30. Rh3 Qf7 31. Ne3 Re6 32. Qb2 Rg6 33. Qf2 Bc4 34. Rg3 Be6 35. Rb1 Ba2 36. Ra1 Be6 37. Rb1 Bf6 38. Nf1 Qg7 39. Rxg6 hxg6 40. Rd1 Bb3 41. Rb1 Bc4 42. Nd2 Bd3 43. Re1 cxd4 44. cxd4 Rc2 45. Rd1 Qf7 46. Qe3 Qa2 47. Qg3 Kg7 48. Nf1 Bxf1 49. Rxf1 Qc4 50. h4 Qe2 51. d5 Rd2 52. Re1 Rd1 53. Rxd1 Qxd1+ 54. Kh2 Kh6 55. Qe3 Qxd5 56. Bc7 Qc5 0-1

[Event "British Championship 2024"]
[Site "Hull"]
[Date "2024.07.31"]
[Round "1.24"]
[White "Kanyamarala, Tarun"]
[Black "Khoury, Theo"]
[Result "1-0"]
[Annotator "RC"]
[ECO "D32"]
[WhiteElo "2333"]
[BlackElo "2057"]
[PlyCount "51"]
[EventDate "2024.07.31"]
[EventCountry "GBR"]
[SourceTitle "playchess.com"]
[Source "ChessBase"]
[SourceQuality "1"]
[TimeControl "40/5400+30:1800+30"]

1. Nf3 d5 2. e3 Nf6 3. c4 e6 4. Nc3 Be7 5. b3 O-O 6. Bb2 c5 7. cxd5 exd5 8. d4 Nc6 9. Be2 Bg4 10. dxc5 Bxc5 11. O-O Re8 12. Nb5 Ne4 13. Nbd4 Rc8 14. h3 Bh5 15. Rc1 Bg6 16. a3 Bd6 17. b4 Qe7 18. Bb5 Qd7 19. Qa4 Bb8 20. Nxc6 bxc6 21. Bxc6 Qd6 22. Bxe8 Nd2 23. Bxf7+ Kxf7 24. Ne5+ Ke7 25. Rxc8 Nxf1 26. Rxb8 1-0

[Event "British Championship 2024"]
[Site "Hull"]
[Date "2024.07.31"]
[Round "1.25"]
[White "Saunders, Aron"]
[Black "Eggleston, David J"]
[Result "1-0"]
[Annotator "RC"]
[ECO "B51"]
[WhiteElo "2105"]
[BlackElo "2335"]
[PlyCount "123"]
[EventDate "2024.07.31"]
[EventCountry "GBR"]
[SourceTitle "playchess.com"]
[Source "ChessBase"]
[SourceQuality "1"]
[TimeControl "40/5400+30:1800+30"]

1. e4 c5 2. Nf3 d6 3. Bb5+ Nd7 4. a4 Ngf6 5. Nc3 e6 6. d4 cxd4 7. Qxd4 Be7 8. a5 a6 9. Be2 O-O 10. O-O Qc7 11. Rd1 Ne5 12. Be3 Nfd7 13. Nxe5 Nxe5 14. Qb6 Qb8 15. Qb3 Bd7 16. Na4 Bxa4 17. Rxa4 Nc6 18. c3 Rd8 19. Raa1 Rd7 20. Qa2 Qf8 21. b4 g6 22. Qb3 Qg7 23. b5 axb5 24. Bxb5 Rc8 25. a6 bxa6 26. Rxa6 Rb7 27. Qc4 d5 28. exd5 exd5 29. Rxd5 Rxb5 30. Qxb5 Qxc3 31. Rd1 Qc2 32. Qf1 Nb4 33. Raa1 Qe4 34. Rac1 Re8 35. Rd4 Qf5 36. Qc4 Bf8 37. Bd2 Rb8 38. Qc7 Na6 39. Qc4 Nb4 40. Bf4 Re8 41. h3 h5 42. Bd6 Bxd6 43. Rxd6 Nc2 44. Rc6 Na3 45. Qa6 Nb5 46. Rc8 Nd6 47. Rxe8+ Nxe8 48. Re1 Nf6 49. Qa8+ Kg7 50. Qa7 Qd5 51. Qe3 Kh7 52. Rc1 Qf5 53. Qd4 Nd5 54. Rc5 Qb1+ 55. Kh2 Qb8+ 56. g3 Ne7 57. Qf6 Nf5 58. Qxf7+ Kh6 59. Rxf5 gxf5 60. Qf6+ Kh7 61. Qxf5+ Kh6 62. Qf4+ 1-0

[Event "British Championship 2024"]
[Site "Hull"]
[Date "2024.07.31"]
[Round "1.26"]
[White "Ledger, Andrew J"]
[Black "Verma, Shlok"]
[Result "1-0"]
[Annotator "RC"]
[ECO "D20"]
[WhiteElo "2334"]
[BlackElo "2102"]
[PlyCount "41"]
[EventDate "2024.07.31"]
[EventCountry "GBR"]
[SourceTitle "playchess.com"]
[Source "ChessBase"]
[SourceQuality "1"]
[TimeControl "40/5400+30:1800+30"]

1. d4 d5 2. c4 dxc4 3. e4 e5 4. Nf3 exd4 5. Bxc4 Nc6 6. O-O Be6 7. Bb5 Bd7 8. Bxc6 Bxc6 9. Nxd4 Qd7 10. Nxc6 Qxc6 11. Nc3 Nf6 12. Bg5 Be7 13. Nd5 Nxd5 14. exd5 Qd7 15. Bxe7 Kxe7 16. Re1+ Kd8 17. Qd4 f6 18. Re6 a5 19. Rae1 Kc8 20. Re7 Qd8 21. Qa4 1-0

[Event "British Championship 2024"]
[Site "Hull"]
[Date "2024.07.31"]
[Round "1.27"]
[White "Arnott, Jonathan W"]
[Black "Wu, Li"]
[Result "0-1"]
[Annotator "RC"]
[ECO "B12"]
[WhiteElo "2104"]
[BlackElo "2328"]
[PlyCount "66"]
[EventDate "2024.07.31"]
[EventCountry "GBR"]
[SourceTitle "playchess.com"]
[Source "ChessBase"]
[SourceQuality "1"]
[TimeControl "40/5400+30:1800+30"]

1. e4 c6 2. d4 d5 3. e5 Bf5 4. Nd2 e6 5. Nb3 Nd7 6. Nf3 a6 7. Be3 c5 8. dxc5 Bg4 9. Qd4 Bxf3 10. gxf3 Ne7 11. Qa4 Nf5 12. O-O-O Qc8 13. Bh3 Nxe3 14. fxe3 Qc6 15. Qxc6 bxc6 16. f4 Nxc5 17. Nxc5 Bxc5 18. Rhe1 Ke7 19. Rd3 Rhb8 20. Rb3 a5 21. Rxb8 Rxb8 22. c3 g5 23. f5 h5 24. e4 g4 25. Bf1 h4 26. fxe6 fxe6 27. exd5 cxd5 28. c4 Rf8 29. cxd5 exd5 30. Bg2 Ke6 31. Re2 h3 32. Kd2 hxg2 33. Rxg2 Rf2+ 0-1

[Event "British Championship 2024"]
[Site "Hull"]
[Date "2024.07.31"]
[Round "1.28"]
[White "Davies, Nigel R"]
[Black "Pal, Rohan"]
[Result "1-0"]
[Annotator "RC"]
[ECO "D35"]
[WhiteElo "2325"]
[BlackElo "2097"]
[PlyCount "85"]
[EventDate "2024.07.31"]
[EventCountry "GBR"]
[SourceTitle "playchess.com"]
[Source "ChessBase"]
[SourceQuality "1"]
[TimeControl "40/5400+30:1800+30"]

1. d4 d5 2. Nf3 Nf6 3. c4 e6 4. Nc3 Be7 5. cxd5 exd5 6. Bf4 c6 7. e3 Bf5 8. Nh4 Bg4 9. Be2 Bxe2 10. Qxe2 g6 11. Bh6 Bf8 12. Bxf8 Kxf8 13. O-O Kg7 14. f4 Ne8 15. Qf2 Nd7 16. e4 dxe4 17. Nxe4 Nef6 18. Ng5 Nb6 19. Nhf3 h6 20. Ne5 Rf8 21. Ngf3 Ne4 22. Qc2 f5 23. g4 Nd6 24. Kh1 Kh7 25. Rg1 Rg8 26. Rg3 Ne4 27. Rh3 Qe7 28. gxf5 gxf5 29. Ng5+ Rxg5 30. fxg5 Qxg5 31. Rg1 Qf4 32. Rf3 Qh4 33. Rxf5 Rg8 34. Rf7+ Kh8 35. Rxg8+ Kxg8 36. Rf8+ Kg7 37. Rf7+ Kg8 38. Qg2+ Ng5 39. Nf3 Qh5 40. Nxg5 hxg5 41. Rf5 Qd1+ 42. Rf1 Qh5 43. Rg1 1-0

[Event "British Championship 2024"]
[Site "Hull"]
[Date "2024.07.31"]
[Round "1.29"]
[White "Verbytski, Oleg"]
[Black "Yao, Lan"]
[Result "0-1"]
[Annotator "RC"]
[ECO "B92"]
[WhiteElo "2008"]
[BlackElo "2325"]
[PlyCount "60"]
[EventDate "2024.07.31"]
[EventCountry "GBR"]
[SourceTitle "playchess.com"]
[Source "ChessBase"]
[SourceQuality "1"]
[TimeControl "40/5400+30:1800+30"]

1. e4 c5 2. Nf3 d6 3. d4 cxd4 4. Nxd4 Nf6 5. Nc3 a6 6. Be2 e5 7. Nb3 Be7 8. Be3 Be6 9. O-O O-O 10. Bf3 Nbd7 11. a4 Rc8 12. Rc1 h6 13. Qd2 Nb6 14. Bxb6 Qxb6 15. Nd5 Nxd5 16. exd5 Bg5 17. Qd3 Bd7 18. Ra1 f5 19. Qd1 Qd8 20. Kh1 a5 21. Nd2 Qc7 22. c3 Qb6 23. Ra2 Rc5 24. Be2 Rfc8 25. c4 Qb4 26. b3 Rf8 27. Nf3 Bf6 28. Ne1 Rcc8 29. Nc2 Qxb3 30. Ne3 Qxa2 0-1